Map: [ESL] Hecate

Players

Jieshi

  • Race: Protoss Protoss
  • Spawn Location: 7:00

Coffee - Winner!

  • Race: Terran Terran
  • Spawn Location: 1:00

Event: ESL SC2 Masters 2023 Winter (Regional)

VOD

Have the link to the VOD?

Description

Time

  • Played on: Nov. 17, 2023, 7:50 a.m.
  • Length: 12:57

All games in this series

Show
View Real Time Build Order
Export as new Build Order

Jieshi Protoss 

Build Orders: 1 Gate Expand, Blink Stalkers, Colossus Rush 

Get SALT Encoding   

  12  0:00  Probe  
  13  0:12  Probe  
  14  0:17  Pylon  
  14  0:24  Probe (Chrono Boost)  
  16  0:36  Gateway  
  16  0:37  Probe (Chrono Boost)  
  16  0:43  Probe (Chrono Boost)  
  16  0:45  Assimilator  
  17  0:51  Probe  
  18  1:03  Probe  
  19  1:15  Probe  
  20  1:23  Pylon  
  22  1:26  Cybernetics Core  
  22  1:30  Probe  
  23  1:44  Nexus  
  23  1:46  Probe  
  22  1:55  Assimilator  
  22  1:58  Probe  
  22  2:00  Stalker (Chrono Boost)  
  23  2:05  Warp Gate  
  25  2:11  Probe  
  24  2:23  Probe  
  24  2:27  Stalker (Chrono Boost)  
  27  2:35  Probe  
  28  2:45  Twilight Council  
  28  2:47  Probe  
  28  2:52  Stalker (Chrono Boost)  
  28  2:56  Probe (Chrono Boost)  
  31  3:02  Probe (Chrono Boost)  
  32  3:08  Probe (Chrono Boost)  
  34  3:15  Probe x2 (Chrono Boost)  
  34  3:19  Blink (Chrono Boost)  
  35  3:23  Probe  
  35  3:25  Gateway  
  35  3:26  Probe  
  37  3:35  Probe  
  37  3:38  Probe  
  38  3:47  Probe  
  39  3:49  Probe  
  39  3:52  Robotics Facility  
  40  3:57  Probe  
  40  3:58  Gateway  
  40  3:59  Probe  
  40  4:02  Sentry  
  44  4:05  Probe, Pylon  
  45  4:10  Shield Battery  
  45  4:12  Probe  
  46  4:20  Pylon  
  46  4:23  Probe  
  46  4:24  Probe  
  47  4:25  Stalker x2  
  50  4:35  Probe  
  50  4:36  Probe  
  52  4:42  Robotics Bay  
  52  4:43  Assimilator  
  52  4:44  Assimilator  
  52  4:47  Probe  
  52  4:48  Probe  
  54  4:59  Probe  
  55  5:00  Probe  
  55  5:01  Nexus  
  55  5:04  Pylon  
  55  5:05  Observer  
  57  5:11  Probe  
  57  5:12  Probe  
  59  5:25  Gateway  
  59  5:26  Colossus (Chrono Boost), Probe x2  
  59  5:28  Forge  
  61  5:33  Pylon  
  67  5:38  Probe  
  67  5:39  Probe  
  67  5:41  Charge  
  69  5:48  Gateway  
  69  5:49  Extended Thermal Lance (Chrono Boost)  
  69  5:53  Probe  
  69  5:55  Probe  
  71  5:58  Stalker  
  71  5:59  Stalker  
  75  6:05  Stalker  
  75  6:09  Shield Battery  
  74  6:12  Pylon  
  70  6:21  Stalker  
  70  6:22  Probe  
  73  6:29  Stalker x2  
  76  6:34  Probe  
  72  6:43  Stalker  
  72  6:44  Stalker x2  
  64  6:49  Probe x2  
  64  6:50  Probe  
  65  7:01  Probe  
  65  7:02  Probe x2  
  65  7:05  Colossus (Chrono Boost)  
  65  7:07  Protoss Ground Weapons Level 1 (Chrono Boost)  
  74  7:13  Probe (Chrono Boost)  
  74  7:14  Probe x2 (Chrono Boost)  
  77  7:16  Pylon  
  77  7:21  Gateway  
  77  7:25  Probe (Chrono Boost)  
  77  7:26  Sentry  
  77  7:27  Pylon  
  82  7:34  Probe x3 (Chrono Boost)  
  83  7:40  Probe  
  83  7:41  Gateway, Probe  
  83  7:43  Gateway  
  85  7:45  Probe  
  85  7:48  Colossus (Chrono Boost)  
  92  8:03  Probe  
  92  8:04  Stalker x4  
  92  8:05  Stalker  
  103  8:08  Photon Cannon  
  100  8:17  Zealot  
  97  8:21  Probe  
  97  8:22  Probe  
  97  8:33  Probe, Pylon  
  98  8:36  Pylon  
  98  8:38  Probe  
  98  8:41  Pylon  
  99  8:44  Pylon  
  99  8:46  Templar Archives  
  100  8:49  Shield Battery, Pylon  
  100  8:51  Pylon  
  100  8:53  Pylon  
  100  8:54  Pylon  
  99  8:56  Pylon, Probe  
  99  8:59  Protoss Ground Armor Level 1 (Chrono Boost), Stalker x3  
  106  9:05  Photon Cannon  
  106  9:06  Photon Cannon  
  106  9:07  Warp Prism (Chrono Boost)  
  106  9:15  Zealot  
  110  9:17  Zealot  
  110  9:21  Zealot  
  114  9:27  High Templar x2  
  114  9:28  Zealot x2  
  121  9:32  Archon  
  121  9:42  Zealot x2  
  121  9:43  Zealot x2  
  129  9:49  Zealot  
  129  9:50  Zealot  
  132  10:04  Disruptor (Chrono Boost)  
  132  10:06  High Templar  
  132  10:07  Nexus, High Templar, Zealot x3  
  140  10:08  Pylon  
  140  10:09  Zealot  
  140  10:11  Archon  
  148  10:15  Zealot x2  
  152  10:25  Probe  
  152  10:26  Probe  
  152  10:30  Zealot x2  
  152  10:31  Observer, Stalker x2  
  152  10:35  Disruptor (Chrono Boost)  
  163  10:45  Zealot x3  
  163  10:46  Probe  
  163  10:47  Probe  
  163  10:48  Probe  
  169  11:01  Probe x3  
  169  11:03  Photon Cannon  
  169  11:04  Shield Battery  
  172  11:05  Zealot  
  172  11:07  Observer (Chrono Boost)  
  172  11:08  Pylon  
  175  11:17  Zealot x2  
  177  11:23  Zealot x2  
  177  11:24  Zealot  
  177  11:25  Colossus (Chrono Boost)  
  161  11:30  Zealot x5  
  113  11:38  High Templar x2, Zealot  
  113  11:39  Probe  
  114  11:40  Probe x3  
  114  11:45  Archon  
  117  11:50  Zealot  
  117  11:51  Zealot x2, Probe  
  124  11:56  Stalker x2  
  128  12:04  Pylon  
  126  12:08  Disruptor (Chrono Boost)  
  126  12:12  Zealot  
  126  12:13  Zealot x4  
  126  12:15  Stalker  
  136  12:22  Zealot x2  
  96  12:32  Zealot  
  96  12:33  Zealot x2  
  96  12:34  Zealot x2  
  86  12:45  Zealot x2  
  86  12:46  Zealot  
Show
View Real Time Build Order
Export as new Build Order

Coffee Terran - Winner!

Build Orders:  

Get SALT Encoding   

  12  0:00  SCV  
  13  0:12  SCV  
  14  0:17  Supply Depot  
  14  0:24  SCV  
  15  0:38  SCV  
  15  0:39  Barracks  
  16  0:45  Refinery  
  16  0:50  SCV  
  16  0:55  Refinery  
  17  1:02  SCV  
  18  1:15  SCV  
  19  1:30  Reaper  
  19  1:31  Orbital Command  
  19  1:40  Supply Depot  
  19  1:44  Factory  
  19  1:57  SCV  
  20  2:02  Reaper  
  21  2:09  SCV  
  22  2:21  SCV  
  23  2:26  Command Center  
  23  2:27  Factory Reactor  
  23  2:33  SCV  
  24  2:40  Supply Depot  
  24  2:47  Starport  
  24  2:51  SCV  
  25  3:03  SCV  
  26  3:06  Cyclone  
  26  3:07  Cyclone  
  30  3:19  SCV  
  31  3:21  Barracks  
  31  3:24  Medivac  
  33  3:31  SCV  
  34  3:40  Orbital Command  
  33  3:46  SCV  
  33  3:53  Factory Tech Lab  
  33  3:54  Starport Tech Lab  
  33  3:56  Marine x2  
  33  3:58  Orbital Command, SCV  
  36  4:10  SCV  
  36  4:11  Siege Tank  
  36  4:14  Marine x2  
  42  4:20  Stimpack  
  42  4:23  SCV  
  43  4:33  Marine x3  
  43  4:35  SCV x2  
  43  4:37  Supply Depot  
  48  4:39  Barracks  
  48  4:43  Siege Tank  
  51  4:47  SCV x2  
  51  4:50  Starport Tech Lab, Marine  
  54  4:53  Bunker  
  54  4:58  Supply Depot, Marine x2  
  55  5:03  SCV x2  
  55  5:06  Supply Depot  
  57  5:12  Marine  
  58  5:15  Siege Tank  
  58  5:16  Marine  
  58  5:20  SCV x2  
  64  5:23  Supply Depot  
  64  5:28  Starport Reactor  
  64  5:32  SCV  
  65  5:37  Combat Shield  
  65  5:38  Marine x4  
  65  5:41  SCV  
  70  5:43  Engineering Bay  
  70  5:44  SCV  
  70  5:47  Refinery  
  71  5:56  SCV x2  
  73  6:00  Marine x3  
  73  6:01  Siege Tank, Marine  
  80  6:05  Supply Depot  
  80  6:08  SCV  
  76  6:18  Marine  
  76  6:19  Marine x3  
  76  6:20  SCV x2  
  76  6:22  Terran Infantry Weapons Level 1, Supply Depot  
  76  6:23  Supply Depot  
  76  6:25  Refinery  
  80  6:38  Marauder  
  80  6:39  Marine x2, Marauder  
  76  6:49  SCV x2  
  76  6:52  Command Center  
  75  6:57  Medivac  
  75  6:58  Medivac  
  75  7:01  SCV x2  
  79  7:05  Marine x2  
  81  7:10  Marauder x2  
  81  7:13  SCV x2  
  85  7:19  Factory Reactor  
  85  7:23  Barracks  
  85  7:25  Barracks, SCV  
  85  7:26  SCV  
  85  7:28  Marine x2  
  89  7:36  Marauder x2  
  93  7:38  SCV x2  
  93  7:41  Medivac x2  
  99  7:48  Concussive Shells  
  98  7:52  Marine x2  
  99  7:59  Marauder  
  99  8:00  Widow Mine x2, Marauder  
  99  8:03  Supply Depot  
  99  8:04  Armory  
  107  8:11  Medivac x2  
  111  8:15  Barracks Reactor, Marine x2  
  111  8:26  Marauder  
  111  8:27  Widow Mine, Marauder x2  
  114  8:28  SCV, Widow Mine  
  114  8:29  SCV  
  114  8:33  Orbital Command  
  122  8:34  Marine  
  122  8:35  Marine  
  122  8:41  SCV x2  
  126  8:42  Supply Depot  
  126  8:43  Supply Depot  
  126  8:48  Viking x2  
  130  8:50  Terran Infantry Armor Level 1  
  130  9:00  Marauder  
  132  9:04  Marauder x2  
  132  9:07  Orbital Command  
  136  9:10  SCV x2  
  136  9:14  Ghost Academy  
  136  9:15  Supply Depot  
  138  9:25  Viking x2  
  138  9:26  Marauder x2  
  146  9:33  Supply Depot x2  
  146  9:35  SCV x3  
  148  9:42  Refinery  
  148  9:44  Marine x2  
  152  9:47  SCV  
  152  9:51  Ghost  
  152  9:52  Ghost  
  155  9:53  Ghost  
  157  10:02  Marine x2  
  157  10:03  Widow Mine x2  
  157  10:06  Refinery  
  162  10:07  Bunker  
  162  10:11  Supply Depot x2  
  162  10:14  Viking  
  162  10:17  Viking  
  162  10:19  Missile Turret  
  166  10:23  Marauder x3  
  166  10:27  Marine x4  
  173  10:39  Widow Mine x2  
  173  10:41  SCV  
  174  10:44  Viking  
  174  10:47  Viking  
  174  10:49  Marine x3  
  181  10:58  Marauder x3  
  181  11:03  Widow Mine  
  189  11:14  Supply Depot x2  
  189  11:16  Viking, Widow Mine  
  175  11:27  Marauder, Marine  
  175  11:30  Marauder  
  158  11:37  Marine, Marauder  
  161  11:42  Command Center  
  161  11:44  Marine  
  161  11:45  Widow Mine x2, Medivac  
  161  11:46  Medivac  
  170  11:49  Marauder  
  170  11:51  Marauder  
  174  11:55  Marine x2  
  174  11:57  Ghost  
  175  12:09  Ghost  
  175  12:12  Ghost  
  158  12:23  Marine  
  158  12:27  Marauder  
  158  12:28  Marine  
  158  12:29  Widow Mine x2  
  153  12:31  SCV x2  
  153  12:34  Marine  
  153  12:55  Engineering Bay  
Tags
 
Add a new tag
Caveats
  • Supply blocks, unpowered buildings, or Contaminate may cause inaccurate times.
  • Supply counts are checked every 10 seconds.